Map: Overgrown Facility

Players

Wolfange - Winner!

  • Race: Protoss Protoss
  • League: Platinum
  • Spawn Location: 9:00

aguilanegra - Winner!

  • Race: Terran Terran
  • League: Platinum
  • Spawn Location: 7:00

OpuS

  • Race: Protoss Protoss
  • League: Platinum
  • Spawn Location: 3:00

Sketchaphone

  • Race: Zerg Zerg
  • League: Gold
  • Spawn Location: 1:00

VOD

Have the link to the VOD?

Description

Time

  • Played on: Jan. 23, 2019, 8:49 p.m.
  • Length: 14:16
Show
View Real Time Build Order
Export as new Build Order

Wolfange Protoss - Winner!

Build Orders: Chargelot Immortal 

Get SALT Encoding   

  12  0:01  Probe  
  13  0:13  Probe  
  14  0:21  Pylon  
  14  0:25  Probe  
  15  0:39  Probe  
  15  0:40  Gateway  
  16  0:46  Assimilator  
  16  0:47  Probe  
  17  0:57  Probe  
  18  1:08  Probe  
  19  1:28  Cybernetics Core  
  19  1:33  Assimilator  
  19  1:47  Nexus, Probe  
  20  1:59  Probe  
  20  2:01  Gateway  
  21  2:05  Adept  
  21  2:06  Pylon  
  23  2:16  Assimilator  
  23  2:27  Warp Gate  
  23  2:29  Adept  
  23  2:34  Probe  
  26  2:46  Probe  
  27  2:58  Probe  
  28  3:00  Stalker  
  28  3:05  Stalker  
  32  3:13  Probe x2, Robotics Facility  
  34  3:28  Probe  
  34  3:29  Probe  
  36  3:36  Stalker  
  36  3:41  Twilight Council, Probe  
  39  3:44  Probe  
  39  3:46  Pylon  
  40  3:53  Probe  
  40  3:54  Observer  
  41  3:57  Pylon  
  41  4:02  Probe  
  43  4:04  Assimilator  
  43  4:05  Probe  
  44  4:12  Observer  
  44  4:14  Probe  
  46  4:27  Probe x2  
  46  4:29  Stalker x2  
  52  4:33  Gateway  
  52  4:40  Probe  
  52  4:41  Probe  
  52  4:44  Immortal  
  58  4:50  Charge  
  59  4:52  Probe  
  59  4:53  Probe  
  59  4:55  Assimilator  
  60  5:02  Pylon  
  60  5:04  Probe  
  61  5:14  Gateway  
  61  5:18  Pylon  
  61  5:21  Probe x2  
  63  5:23  Forge  
  63  5:30  Observer  
  63  5:43  Probe x2  
  64  5:51  Pylon  
  64  5:53  Protoss Ground Weapons Level 1  
  64  5:55  Probe, Observer  
  64  5:57  Nexus  
  66  6:03  Probe  
  67  6:09  Probe  
  68  6:16  Immortal  
  68  6:18  Photon Cannon, Probe  
  73  6:21  Zealot x2  
  73  6:22  Zealot  
  79  6:34  Probe  
  79  6:35  Zealot, Probe  
  83  6:42  Pylon, Gateway  
  83  6:44  Gateway  
  83  6:55  Zealot, Observer  
  83  6:56  Photon Cannon  
  83  7:00  Probe x2  
  88  7:02  Pylon  
  88  7:10  Zealot x3  
  94  7:17  Probe  
  94  7:18  Pylon, Probe x2  
  94  7:20  Immortal  
  101  7:37  Photon Cannon, Probe x2  
  101  7:38  Probe  
  101  7:42  Zealot  
  101  7:43  Zealot  
  108  7:46  Protoss Ground Weapons Level 2  
  108  7:49  Sentry x2, Probe, Photon Cannon  
  113  7:54  Photon Cannon  
  113  7:58  Probe x2  
  115  8:07  Gateway  
  115  8:08  Photon Cannon, Gateway  
  115  8:11  Gateway  
  103  8:29  Zealot x6  
  115  8:40  Photon Cannon  
  115  8:44  Nexus  
  115  8:45  Probe x3  
  115  8:46  Pylon  
  114  8:50  Pylon  
  114  8:52  Immortal  
  108  8:58  Sentry x2  
  112  9:18  Pylon  
  100  9:28  Zealot  
  100  9:29  Zealot x8  
  100  9:31  Immortal  
  122  9:39  Probe x3  
  125  9:51  Gateway  
  125  9:52  Zealot x9  
  143  9:59  Robotics Facility  
  143  10:06  Probe x2  
  145  10:10  Immortal  
  141  10:23  Sentry x4  
  141  10:24  Sentry x3  
  141  10:26  Zealot x2  
  109  10:37  Photon Cannon  
  109  10:38  Photon Cannon  
  109  10:40  Pylon  
  99  10:43  Photon Cannon  
  99  10:44  Photon Cannon  
  99  10:45  Shield Battery  
  99  10:46  Shield Battery  
  99  10:47  Zealot x6  
  99  10:48  Zealot x2  
  115  10:53  Immortal  
  119  11:02  Immortal  
  123  11:19  Stalker x2, Photon Cannon  
  123  11:24  Protoss Ground Weapons Level 3, Photon Cannon  
  127  11:27  Pylon  
  127  11:31  Nexus  
  127  11:49  Forge  
  127  11:51  Immortal  
  131  11:57  Zealot x7  
  131  11:58  Zealot x3  
  151  12:02  Gateway  
  151  12:03  Gateway  
  151  12:14  Immortal  
  151  12:19  Robotics Bay  
  151  12:20  Pylon  
  141  12:29  Zealot x3  
  113  12:30  Zealot x5  
  113  12:36  Immortal  
  117  12:54  Immortal  
  117  12:56  Robotics Facility  
  121  13:06  Colossus  
  125  13:35  Zealot x6  
  119  13:55  Zealot x4  
  113  13:56  Zealot x3  
  129  14:07  Pylon  
  127  14:12  Pylon  
  127  14:15  Pylon  
Show
View Real Time Build Order
Export as new Build Order

aguilanegra Terran - Winner!

Build Orders:  

Get SALT Encoding   

  12  0:01  SCV  
  13  0:18  Supply Depot, SCV  
  14  0:30  SCV  
  15  0:41  Barracks  
  15  0:44  Refinery  
  15  0:45  SCV  
  16  0:57  SCV  
  17  1:09  SCV  
  18  1:21  SCV  
  19  1:30  Reaper  
  20  1:34  SCV  
  21  1:42  Command Center  
  21  1:47  Refinery  
  21  1:49  SCV  
  22  2:01  Supply Depot  
  22  2:03  SCV  
  23  2:22  SCV  
  24  2:31  Barracks Reactor  
  24  2:33  Factory  
  24  2:53  SCV  
  24  3:01  Orbital Command  
  24  3:05  SCV  
  25  3:21  Factory  
  25  3:22  Barracks Reactor  
  29  3:27  Hellion x2  
  29  3:30  Armory  
  29  3:31  Orbital Command  
  33  3:48  Hellion x2  
  33  3:58  SCV  
  33  4:01  Marine x2  
  36  4:05  Factory Tech Lab  
  36  4:10  SCV  
  36  4:14  Widow Mine x2  
  41  4:19  Marine  
  41  4:22  SCV  
  41  4:23  Supply Depot  
  43  4:34  SCV  
  43  4:36  Widow Mine  
  46  4:45  Marine x2, Thor  
  54  4:47  Supply Depot  
  54  4:57  SCV  
  51  5:02  Marine  
  52  5:09  SCV  
  52  5:10  Supply Depot  
  53  5:18  Marine  
  53  5:20  Marine  
  55  5:27  Thor  
  61  5:35  Marine  
  61  5:38  Marine  
  63  5:53  Marine  
  63  5:56  Marine  
  65  6:10  Thor  
  69  6:11  Marine  
  69  6:17  Supply Depot  
  70  6:23  Refinery x2, Supply Depot  
  70  6:39  Marine x2, SCV  
  73  6:40  Supply Depot  
  73  6:51  SCV  
  73  6:53  Thor  
  75  6:56  Marine x2  
  77  7:03  SCV  
  76  7:14  Marine x2  
  76  7:15  SCV  
  78  7:17  Widow Mine x2  
  78  7:21  Supply Depot  
  82  7:23  Supply Depot  
  82  7:27  SCV  
  83  7:32  Marine x2  
  83  7:36  Terran Vehicle Weapons Level 1, Siege Tank  
  88  7:38  Widow Mine x2  
  92  7:48  Command Center  
  92  7:50  Marine x2  
  94  7:59  Widow Mine  
  96  8:08  Marine x2, Siege Tank  
  89  8:35  Marine x2  
  89  8:40  Siege Tank  
  94  8:42  Supply Depot  
  94  8:43  Starport, SCV  
  93  8:53  Marine x2  
  93  8:55  SCV  
  96  9:07  SCV  
  97  9:11  Marine x2  
  97  9:12  Siege Tank  
  102  9:19  SCV  
  89  9:28  Marine  
  89  9:29  Marine  
  91  9:31  SCV  
  86  9:45  Siege Tank  
  82  9:46  Marine x2  
  71  10:04  Marine x2  
  59  10:17  Siege Tank  
  62  10:22  Marine x2  
  55  10:38  Starport, Hellbat x2, Starport Reactor  
  55  10:40  Marine x2  
  59  10:49  Siege Tank  
  61  10:58  Marine x2  
  61  11:00  Hellbat x2  
  67  11:06  SCV  
  68  11:11  Factory  
  68  11:15  Marine  
  68  11:16  Marine  
  68  11:18  SCV  
  68  11:21  Hellbat x2, Thor  
  78  11:25  Starport Tech Lab  
  78  11:30  Liberator, SCV  
  78  11:31  Liberator x2  
  79  11:33  Marine x2  
  79  11:35  Orbital Command  
  79  11:37  Refinery  
  81  11:42  Hellbat x2  
  85  11:51  Marine x2  
  96  12:03  Thor  
  102  12:09  Marine x2  
  104  12:18  Factory Tech Lab  
  104  12:19  Barracks  
  102  12:23  Liberator x2  
  102  12:27  Marine x2  
  104  12:35  Armory  
  104  12:38  Siege Tank  
  111  12:46  Thor  
  113  13:09  Marine x2  
  115  13:17  Barracks Tech Lab  
  103  13:20  Barracks  
  103  13:23  Barracks  
  103  13:26  Marine  
  103  13:27  Marine  
  90  13:44  Marine x2  
  89  13:55  Marine  
Show
View Real Time Build Order
Export as new Build Order

OpuS Protoss 

Build Orders:  

Get SALT Encoding   

  12  0:01  Probe  
  13  0:13  Probe  
  14  0:19  Pylon  
  14  0:25  Probe  
  15  0:41  Gateway  
  15  0:47  Gateway  
  15  0:48  Probe  
  15  0:57  Probe  
  16  1:02  Pylon  
  17  1:14  Assimilator  
  17  1:16  Probe  
  18  1:31  Cybernetics Core  
  18  1:32  Probe  
  19  1:45  Zealot x2  
  23  1:48  Probe  
  24  2:00  Probe  
  25  2:08  Warp Gate  
  25  2:12  Probe  
  26  2:18  Adept  
  26  2:21  Adept  
  30  2:25  Pylon  
  24  2:53  Assimilator  
  24  2:55  Probe  
  24  3:03  Probe  
  25  3:13  Probe  
  25  3:17  Nexus  
  26  3:32  Adept x2, Probe  
  30  3:40  Probe  
  32  3:49  Probe  
  33  4:00  Robotics Facility  
  33  4:09  Gateway  
  33  4:20  Adept  
  33  4:25  Stalker  
  35  4:34  Probe x2  
  37  4:48  Observer  
  38  4:55  Stalker x2  
  42  5:04  Stalker  
  44  5:10  Probe x2  
  44  5:12  Observer  
  47  5:22  Probe x2  
  49  5:35  Twilight Council  
  49  5:38  Stalker  
  49  5:39  Stalker  
  53  5:45  Probe  
  54  5:51  Pylon  
  54  5:58  Pylon  
  54  6:09  Probe x2  
  56  6:17  Gateway, Blink  
  56  6:22  Probe  
  56  6:24  Stalker x2  
  56  6:58  Stalker x2  
  56  6:59  Stalker  
  62  7:02  Probe x2  
  64  7:10  Robotics Bay  
  64  7:14  Probe x2  
  66  7:26  Probe x2  
  68  7:32  Pylon  
  68  7:33  Pylon  
  68  7:35  Pylon  
  68  7:37  Pylon  
  68  7:44  Stalker  
  70  7:54  Stalker x3  
  76  7:59  Probe x2  
  76  8:02  Assimilator  
  76  8:03  Disruptor  
  81  8:05  Assimilator  
  81  8:11  Probe  
  80  8:28  Disruptor  
  80  8:30  Probe x2  
  82  8:36  Pylon  
  85  8:42  Probe  
  85  8:45  Gateway  
  85  8:47  Gateway  
  86  8:56  Nexus  
  84  9:04  Disruptor  
  84  9:08  Probe x2  
  70  9:29  Stalker x4  
  68  9:51  Stalker x3  
  68  9:52  Stalker x3  
  68  9:55  Probe  
  68  9:56  Probe  
  64  10:08  Probe x2  
  64  10:10  Disruptor  
  69  10:15  Stalker  
  69  10:16  Stalker x3  
  69  10:20  Probe x2  
  69  10:36  Stalker  
  69  10:37  Stalker  
  69  10:42  Gateway  
  73  10:43  Probe x2  
  73  10:44  Probe, Gateway  
  76  10:53  Disruptor  
  76  10:55  Stalker x2, Probe  
  81  11:17  Stalker x4  
  89  11:22  Probe x3  
  92  11:26  Disruptor  
  95  11:34  Probe x2  
  97  11:42  Stalker x2  
  97  11:43  Stalker x3  
  107  11:50  Assimilator  
  107  11:53  Assimilator  
  107  11:55  Disruptor  
  107  11:56  Zealot  
  107  11:57  Zealot x2  
  113  12:03  Pylon  
  113  12:06  Pylon, Charge  
  104  12:26  Stalker x3  
  104  12:27  Stalker x3  
  104  12:28  Stalker x2  
  90  12:52  Zealot x2  
  90  12:53  Zealot x5  
  90  12:54  Zealot  
  106  13:18  Stalker  
  106  13:19  Stalker x3  
  99  13:31  Stalker x2  
  99  13:32  Stalker  
  99  13:33  Stalker  
  85  13:44  Probe x3  
  77  13:56  Probe x3  
  77  13:57  Nexus  
  77  14:01  Zealot, Assimilator  
  74  14:05  Assimilator  
  74  14:09  Pylon  
  75  14:11  Pylon  
  75  14:14  Gateway  
Show
View Real Time Build Order
Export as new Build Order

Sketchaphone Zerg 

Build Orders: Hatch First 

Get SALT Encoding   

  12  0:01  Drone  
  13  0:14  Overlord  
  13  0:21  Drone  
  13  0:24  Drone, Extractor  
  15  0:32  Drone  
  16  0:43  Drone  
  17  1:03  Drone  
  18  1:04  Extractor  
  18  1:05  Drone  
  18  1:08  Hatchery  
  17  1:23  Spawning Pool  
  17  1:24  Drone  
  17  1:34  Drone  
  18  1:46  Drone  
  19  1:47  Overlord  
  19  1:58  Drone  
  20  2:05  Drone  
  21  2:09  Metabolic Boost  
  21  2:11  Queen  
  21  2:14  Drone  
  24  2:19  Zergling x2  
  25  2:26  Queen  
  27  2:32  Drone  
  27  2:33  Zergling x2  
  29  2:41  Drone  
  29  2:42  Drone  
  31  2:51  Drone  
  31  2:54  Drone  
  31  2:56  Zergling x2  
  34  3:06  Queen  
  34  3:09  Overlord x2  
  36  3:33  Drone  
  37  3:38  Lair  
  37  3:42  Hatchery  
  37  3:46  Evolution Chamber  
  34  4:02  Baneling Nest  
  34  4:05  Zergling x2  
  34  4:06  Zergling x2  
  35  4:13  Drone  
  35  4:14  Drone x5  
  35  4:15  Drone  
  35  4:16  Overlord  
  42  4:20  Zerg Melee Weapons Level 1  
  41  4:32  Spine Crawler  
  41  4:33  Spine Crawler, Zergling x10  
  42  4:42  Drone x2  
  42  4:44  Zergling x4  
  46  4:51  Spore Crawler  
  45  4:54  Spore Crawler  
  45  4:56  Drone x2  
  46  5:08  Baneling x3  
  46  5:09  Baneling  
  46  5:12  Overlord  
  46  5:13  Overlord  
  46  5:16  Drone x3  
  49  5:21  Drone x2  
  49  5:22  Drone  
  49  5:26  Queen  
  54  5:36  Overlord  
  54  5:38  Zergling x2  
  54  5:39  Overseer  
  55  6:05  Zergling x6  
  55  6:10  Queen x3  
  64  6:14  Overlord, Drone  
  64  6:15  Overlord x3  
  65  6:33  Zergling x2  
  65  6:34  Zergling x2, Hatchery  
  65  6:38  Baneling  
  65  6:39  Baneling x3  
  66  6:42  Extractor  
  65  6:48  Extractor  
  65  6:49  Extractor  
  59  6:58  Zergling x10  
  59  6:59  Zergling x6  
  64  7:21  Pneumatized Carapace  
  64  7:22  Zergling x16  
  72  7:23  Zergling x8  
  76  7:36  Queen  
  78  7:45  Zergling x2  
  78  7:47  Baneling x2  
  78  7:48  Baneling x3  
  79  7:59  Drone x4  
  79  8:00  Drone x4  
  79  8:05  Drone x4  
  90  8:06  Queen  
  86  8:21  Baneling x11  
  86  8:23  Zergling x20  
  96  8:38  Centrifical Hooks  
  96  8:42  Queen  
  96  8:43  Evolution Chamber  
  89  9:08  Zerg Ground Armor Level 1  
  65  9:25  Zergling x26  
  65  9:26  Zergling x20  
  75  9:53  Baneling x13  
  75  9:54  Baneling x7  
  75  9:58  Zergling x4  
  75  9:59  Zergling x26  
  86  10:13  Zergling x12  
  54  10:34  Zergling x10  
  54  10:35  Zergling x4  
  54  10:44  Zergling x6, Baneling  
  54  10:45  Baneling x9  
  50  11:05  Baneling x10  
  50  11:06  Zergling x12  
  54  11:16  Zergling x4  
  54  11:31  Zergling x10  
  54  11:32  Zergling x2  
  60  11:52  Hatchery  
  59  11:59  Drone  
  59  12:00  Drone x4  
  53  12:28  Zergling x14  
  44  12:39  Hatchery  
  43  12:50  Baneling x5  
  43  12:51  Baneling x3  
  43  13:01  Zergling x10  
  48  13:07  Baneling x6  
  48  13:11  Zergling x12  
  41  13:53  Zergling x20  
  41  13:54  Zergling x4  
Tags
 
Add a new tag
Caveats
  • Supply blocks, unpowered buildings, or Contaminate may cause inaccurate times.
  • Supply counts are checked every 10 seconds.